 Dungeon Crawl Stone Soup version 0.31-a0-446-g07c4bd200f (webtiles) character file.

Game seed: 1030283423606126303

939 Ethylacetat the Insei (level 8, -3/44 HPs)
             Began as a Vine Stalker Monk on Aug 3, 2023.
             Succumbed to a water moccasin's poison
             ... on level 5 of the Dungeon.
             The game lasted 00:06:04 (3201 turns).

Ethylacetat the Insei (Vine Stalker Monk)           Turns: 3201, Time: 00:06:04

Health: -3/44      AC:  3    Str: 13    XL:     8   Next: 12%
Magic:  24/24      EV: 13    Int: 10    God:
Gold:   240        SH:  0    Dex: 20    Spells: 15/15 levels left

rFire   . .          .
                       - Unarmed
rCold   . . .        c - orb {light}
rNeg    . . .        a - +0 robe
rPois   .            (no helmet)
rElec   .            (no cloak)
rCorr   .            r - +0 pair of gloves
SInv    .            (no boots)
Will    +....        (no amulet)
Stlth   +            e - ring of magical power
HPRegen 1.07/turn    (no ring)
MPRegen 0.19/turn

%: guardian spirit
@: confused, lethally poisoned (-3 -> -27), ambrosia-drunk, glowing
A: fangs 3, regeneration 1, magic shield, antimagic bite, no potion heal 2
a: no special abilities


You were on level 5 of the Dungeon.
You visited 1 branch of the dungeon, and saw 5 of its levels.

You collected 240 gold pieces.

Inventory:

Missiles
 g - 12 poisoned darts
Armour
 a - a +0 robe (worn)
 c - an orb of light (worn)
 r - a +0 pair of gloves (worn)
Jewellery
 e - a ring of magical power (left hand)
Wands
 m - a wand of flame (37)
Scrolls
 f - 3 scrolls of teleportation {unknown}
 h - a scroll of acquirement {unknown}
 i - 4 scrolls of identify {unknown}
 j - 2 scrolls of silence {unknown}
 l - 2 scrolls of noise {unknown}
 n - 2 scrolls of enchant weapon {unknown}
 o - 2 scrolls of immolation {unknown}
 p - 2 scrolls of revelation {unknown}
 q - 2 scrolls of fog {unknown}
 s - 2 scrolls of fear {unknown}
 t - a scroll of brand weapon {unknown}
Potions
 k - a potion of invisibility
 u - a potion of berserk rage {unknown}
 v - a potion of brilliance {unknown}


   Skills:
 + Level 5.5 Fighting
 - Level 3.0 Dodging
 + Level 6.0 Unarmed Combat
 + Level 4.4 Spellcasting


You had 15 spell levels left.
You didn't know any spells.
Your spell library contained the following spells:

 Spells                   Type           Power      Damage    Failure   Level
 Apportation              Tloc           4%         N/A       24%         1
 Sandblast                Erth           4%         2d4       24%         1
 Passwall                 Tmut/Erth      1%         N/A       36%         2
 Call Canine Familiar     Summ           2%         N/A       58%         3
 Portal Projectile        Hex/Tloc       4%         N/A       58%         3
 Stone Arrow              Conj/Erth      4%         3d7       58%         3
 Leda's Liquefaction      Hex/Erth       1%         N/A       94%         4
 Alistair's Intoxication  Tmut/Pois      1%         N/A       100%        5
 Conjure Ball Lightning   Conj/Air       1%         3x3d6     100%        6
 Discord                  Hex            1%         N/A       100%        8
 Disjunction              Tloc           1%         N/A       100%        8


Dungeon Overview and Level Annotations

Branches:
Dungeon (5/15)
 Temple: D:4-7

Altars:


Innate Abilities, Weirdness & Mutations

You have razor-sharp teeth.
Your natural rate of healing is unusually fast.
When hurt, damage is shared between your health and your magic reserves.
Your bite disrupts and absorbs the magic of your enemies.
Potions cannot restore your health.


Message History

You closely miss the water moccasin.
The water moccasin is moderately wounded.
You feel sick. The water moccasin barely misses you.
You hit the water moccasin. Your bite misses the water moccasin.
The water moccasin is moderately wounded.
The water moccasin bites you.
You are more poisoned.
The water moccasin poisons you! The water moccasin barely misses you.
You closely miss the water moccasin. Your bite misses the water moccasin.
The water moccasin is moderately wounded.
You feel very sick. The water moccasin misses you.
Your system rejects the healing.
You feel better. The water moccasin bites you.
* * * LOW HITPOINT WARNING * * *
You barely miss the water moccasin.
The water moccasin is moderately wounded.
The water moccasin bites you.
* * * LOW HITPOINT WARNING * * *
You are poisoned.
The water moccasin poisons you!
You hit the water moccasin but do no damage.
You bite the water moccasin. You drain its power.
You feel invigorated.
The water moccasin is heavily wounded.
You feel very sick. The water moccasin bites you.
* * * LOW HITPOINT WARNING * * *
You are lethally poisoned!
The water moccasin poisons you! The water moccasin misses you.
Okay, then.
You are confused.
Your system rejects the healing.
You feel invigorated.
* * * LOW HITPOINT WARNING * * *
You feel very sick. The water moccasin bites you.
* * * LOW HITPOINT WARNING * * *
You are more poisoned.
The water moccasin poisons you!
The water moccasin attacks as you move away!
The water moccasin bites you but does no damage.
You die...

# .h?. # ### ...# # #..
...# # #####.##..### # #.
.........# # #.#
#.###.#.....# # #.# ##
#...h.......# ... ..#
#.###h#.....# #.#
#.#####.@.Sf.....)# #.#
#.#. <#..##.###.### #.#
#...#.#..##.# .# # #.#
#.#...#..##.###.#
.###.###.##.##.........#
#.##.....†...##..##.#####
..##'##.............#
###.†.##..#..##..#..#
#......##.#.........#


You could see a water moccasin, a sleepcap and a jackal.

Vanquished Creatures
  Grinder (D:3)
  An ogre (D:4)
  A phantom (D:4)
  A centaur (D:5)
  3 scorpions
  A hound (D:5)
  An orc priest (D:5)
  A jelly (D:4)
  An iguana (D:3)
  2 orc wizards (D:5)
  A gnoll (D:5)
  3 adders
  A white imp (D:3)
  2 ufetubi
  3 worms
  4 dart slugs
  5 orcs (D:5)
  7 bats
  10 endoplasms
  5 giant cockroaches
  5 goblins
  6 hobgoblins
  11 jackals
  4 quokkas
  7 ball pythons
  3 frilled lizards
  9 kobolds
  5 rats
104 creatures vanquished.

Notes
Turn   | Place    | Note
-------+----------+-------------------------------------------
     0 | D:1      | Ethylacetat the Vine Stalker Monk began the quest for the
                  | Orb.
     0 | D:1      | Reached XP level 1. HP: 11/11 MP: 2/2
    70 | D:1      | Reached XP level 2. HP: 8/16 MP: 3/3
   354 | D:1      | Found a faded altar of an unknown god.
   529 | D:1      | Reached XP level 3. HP: 19/20 MP: 4/4
  1254 | D:2      | Gained mutation: Your natural rate of healing is unusually
                  | fast. [Vine Stalker growth]
  1254 | D:2      | Reached XP level 4. HP: 15/24 MP: 5/5
  1873 | D:3      | Reached skill level 1 in Spellcasting
  1974 | D:3      | Reached skill level 4 in Unarmed Combat
  1974 | D:3      | Reached XP level 5. HP: 29/29 MP: 7/7
  2153 | D:3      | Noticed Grinder
  2173 | D:3      | Killed Grinder
  2174 | D:3      | Reached XP level 6. HP: 29/34 MP: 10/10
  2379 | D:4      | Reached skill level 5 in Unarmed Combat
  2379 | D:4      | Reached XP level 7. HP: 36/38 MP: 12/12
  2626 | D:4      | Reached skill level 5 in Fighting
  2969 | D:5      | Entered Level 5 of the Dungeon
  3071 | D:5      | Gained mutation: You have razor-sharp teeth. [Vine Stalker
                  | growth]
  3071 | D:5      | Reached XP level 8. HP: 8/44 MP: 5/15
  3145 | D:5      | Reached skill level 6 in Unarmed Combat
  3201 | D:5      | Succumbed to a water moccasin's poison

Illustrated notes

Levels and vault maps discovered:
D:1:      amcnicky_arrival_double_pillar, layout_basic,
          shapermc_ecumenical_altar_ellora, minmay_heptomino_l4
D:2:      layout_rooms
D:3:      layout_loops_ring, nicolae_the_louvre, uniq_grinder
D:4:      layout_basic
D:5:      layout_loops_ring, temple_pool_b, serial_shops, shop,
          kennysheep_small_circle

Skill      XL: |  1  2  3  4  5  6  7  8 |
---------------+-------------------------+-----
Fighting       | 3 4 5 |  5.5
Dodging        | 3 |  3.0
Spellcasting   | 1 2 3 4 |  4.4
Unarmed Combat | 4 5 6 |  6.0

Action                     |  1- 3 |  4- 6 |  7- 9 || total
---------------------------+-------+-------+-------++-------
  Melee: Unarmed           |   124 |   103 |    98 ||   325
         Bite              |    43 |    35 |    41 ||   119
    Use: Potion            |       |     8 |     3 ||    11
   Stab: Sleeping          |       |       |     1 ||     1
 Armour: Robe              |    17 |    11 |     9 ||    37
         Skin              |       |    60 |       ||    60
  Dodge: Dodged            |    78 |    73 |    64 ||   215

Table legend: (Time is in decaauts)
 A = Elapsed time spent in this place.
 B = Non-inter-level travel time spent in this place.
 C = Inter-level travel time spent in this place.
 D = Time resting spent in this place.
 E = Time spent auto-exploring this place.
 F = Levels seen in this place.
 G = Mean time per level.
                   A        B        C        D        E       F      G
               +--------+--------+--------+--------+--------+-----+--------+
         Total |   3175 |   3095 |     80 |     10 |   2456 |   5 |  635.0 |
       Dungeon |   3175 |   3095 |     80 |     10 |   2456 |   5 |  635.0 |
               +--------+--------+--------+--------+--------+-----+--------+

Top non-repeatable levels by time:
     D:1: 879 daAuts
     D:2: 774 daAuts
     D:3: 658 daAuts
     D:4: 638 daAuts
     D:5: 224 daAuts
